Minnesota North Stars vs Pittsburgh Penguins
Created - Thursday, March 13, 2025 at 08:52
Goals
|
| Minnesota North Stars |
0 |
1 |
0 |
1 |
| Pittsburgh Penguins |
3 |
0 |
0 |
3 |
|
Shots
|
| Minnesota North Stars |
8 |
13 |
9 |
30 |
| Pittsburgh Penguins |
22 |
7 |
7 |
36 |
|
1st period
1. Pittsburgh Penguins , Leon Draisaitl 12 (Pavel Buchnevich 17) at 11:41
2. Pittsburgh Penguins , Phillip Danault 14 (Mitchell Marner 24) at 16:58
3. Pittsburgh Penguins , Sam Reinhart 16 (Pavel Buchnevich 18, Leon Draisaitl 24) at 19:44 (PP)
Penalties :
Evgeni Malkin (MNS) for Tripping (Minor) at 19:31
2nd period
4. Minnesota North Stars , Jonathan Marchessault 15 (Ryan Nugent-Hopkins 9, Jonas Brodin 3) at 17:40 (PP)
Penalties :
Erik Gudbranson (PIT) for Roughing (Minor) at 12:29, Mark Giordano (PIT) for Tripping (Minor) at 16:24
3rd period
No Goal
Penalties :
Gustav Forsling (MNS) for Slashing (Minor) at 2:38, Rasmus Dahlin (MNS) for Hooking (Minor) at 12:09, Phillip Danault (PIT) for Roughing (Minor) at 18:07
Goalie Stats
Charlie Lindgren (MNS), 33 saves from 36 shots - (0.917), L, 7-4-1, 60:00 minutes
Jordan Binnington (PIT), 29 saves from 30 shots - (0.967), W, 19-7-1, 60:00 minutes
Players Stats for Minnesota North Stars
Player Name G A P +/- PIM S H SB GA TA FO MP PP MP PK MP
------------------------------------------------------------------------------------
Alexander Kerfoot 0 0 0 0 0 0 2 0 0 1 2/3 14:04 0:00 2:00
Brock Nelson 0 0 0 -1 0 1 0 0 2 0 0/1 17:07 2:15 0:00
Dylan DeMelo 0 0 0 0 0 0 0 0 0 1 0/0 17:42 0:00 2:09
Erik Cernak 0 0 0 0 0 1 1 0 0 0 0/0 17:02 0:00 0:28
Evan Rodrigues 0 0 0 -1 0 1 1 0 0 0 4/7 10:21 0:00 0:00
Evgeni Malkin 0 0 0 -1 2 2 1 0 1 1 9/17 16:30 2:15 0:03
Frank Vatrano 0 0 0 0 0 5 1 0 2 0 1/5 17:00 2:42 0:00
Gustav Forsling 0 0 0 0 2 0 0 3 0 1 0/0 20:11 2:33 0:49
Ivan Barbashev 0 0 0 -1 0 1 0 0 0 0 0/0 10:21 0:00 0:00
Jack Hughes 0 0 0 0 0 2 0 0 1 0 0/2 13:18 2:42 0:00
Jonas Brodin 0 1 1 0 0 2 0 0 0 0 0/0 19:45 2:33 1:35
Jonathan Marchessault 1 0 1 -1 0 7 1 0 2 0 0/0 12:36 2:25 0:03
Lawson Crouse 0 0 0 -1 0 2 0 0 0 0 0/0 15:35 0:10 2:08
Neal Pionk 0 0 0 -2 0 0 1 1 0 0 0/0 23:41 2:34 2:36
Rasmus Dahlin 0 0 0 -2 2 2 0 0 1 0 0/0 21:53 2:34 0:45
Ryan Nugent-Hopkins 0 1 1 0 0 0 0 0 1 0 2/5 15:15 0:10 2:00
Valeri Nichushkin 0 0 0 0 0 2 0 1 1 0 0/0 17:00 2:42 0:00
William Karlsson 0 0 0 0 0 2 0 0 0 0 11/23 16:25 0:00 2:08
Players Stats for Pittsburgh Penguins
Player Name G A P +/- PIM S H SB GA TA FO MP PP MP PK MP
------------------------------------------------------------------------------------
Blake Coleman 0 0 0 1 0 2 0 0 0 0 0/0 16:42 2:07 0:00
Brock Faber 0 0 0 1 0 1 2 3 0 2 0/0 22:12 1:56 2:44
Carson Soucy 0 0 0 0 0 1 0 2 0 0 0/0 14:59 0:00 0:06
Dylan Guenther 0 0 0 0 0 4 1 1 0 0 0/0 12:43 0:00 0:14
Erik Gudbranson 0 0 0 1 2 1 1 1 0 0 0/0 21:35 1:56 1:47
Erik Karlsson 0 0 0 1 0 1 3 1 1 0 0/0 23:10 2:15 2:38
Gabriel Vilardi 0 0 0 0 0 2 0 0 1 1 0/3 9:03 0:00 0:00
Jake Neighbours 0 0 0 0 0 0 2 2 0 1 0/0 9:03 0:00 0:00
James van Riemsdyk 0 0 0 0 0 0 0 0 0 0 0/0 9:03 0:00 0:00
Jean-Gabriel Pageau 0 0 0 0 0 1 0 0 0 1 4/11 13:07 0:00 0:17
Jordan Eberle 0 0 0 0 0 3 1 1 0 1 0/0 12:29 0:00 0:00
Leon Draisaitl 1 1 2 1 0 6 1 0 0 1 18/27 18:39 2:04 2:21
Mark Giordano 0 0 0 0 2 1 2 1 1 1 0/0 15:34 0:00 0:42
Mattias Ekholm 0 0 0 1 0 0 1 1 0 1 0/0 22:49 2:15 2:17
Mitchell Marner 0 1 1 1 0 2 2 0 0 0 1/3 19:11 2:07 2:29
Pavel Buchnevich 0 2 2 1 0 2 2 0 0 1 0/1 19:11 2:04 2:32
Phillip Danault 1 0 1 1 2 3 0 1 0 1 10/15 16:41 2:07 0:00
Sam Reinhart 1 0 1 1 0 6 2 0 1 0 1/3 18:39 2:04 2:21
3 Stars
1 - Jordan Binnington (PIT)
2 - Leon Draisaitl (PIT)
3 - Pavel Buchnevich (PIT)
Power Play
Minnesota North Stars - 1 on 3 Attempt(s) - 33.33%
Pittsburgh Penguins - 1 on 3 Attempt(s) - 33.33%
Penalty Kill
Minnesota North Stars - 2 on 3 Attempt(s) - 66.67%
- Score 0 goal in Penalty Kill
Pittsburgh Penguins - 2 on 3 Attempt(s) - 66.67%
- Score 0 goal in Penalty Kill
Team Stat
Minnesota North Stars - Hits : 8 - Faceoff Wins : 29 - Blocked Shots : 5 - Penalty Minutes : 6
Pittsburgh Penguins - Hits : 20 - Faceoff Wins : 34 - Blocked Shots : 14 - Penalty Minutes : 6
Official
Referees : Chris Lee and Trevor Hanson
Linesman : Joseph Mahon and Matt MacPherson
Game Notes
16:42 of 1st period - Pittsburgh Penguins goal is going for a video replay. After video review, No Goal. The puck has been kicked using a distinct kicking motion.
Finance
Level 1 -- Attendance: 4972 (82.87%) -- Ticket Income $497,200
Level 2 -- Attendance: 4268 (85.36%) -- Ticket Income $256,080
Level 3 -- Attendance: 2434 (81.13%) -- Ticket Income $85,190
Level 4 -- Attendance: 4081 (81.62%) -- Ticket Income $102,025
Luxury Box -- Attendance: 865 (86.50%) -- Ticket Income $173,000
Game was played at the Consol Energy Center.
Total Attendance: 16620 (83.10%)
Total Ticket Income: $1,113,495
Other Income: $389,723
Total Income: $1,503,218
Minnesota North Stars
5 vs 5 Forward
Center Left Wing Right Wing Time % Phy DF OF
1 William Karlsson Valeri Nichushkin Frank Vatrano 30 0 2 3
2 Evgeni Malkin Brock Nelson Lawson Crouse 30 0 2 2
3 Ryan Nugent-Hopkins Jack Hughes Alexander Kerfoot 25 0 2 3
4 Evan Rodrigues Jonathan Marchessault Ivan Barbashev 15 0 2 3
5 vs 5 Defense
Defense Defense Time % Phy DF OF
1 Rasmus Dahlin Neal Pionk 34 0 3 2
2 Gustav Forsling Erik Cernak 33 0 3 2
3 Jonas Brodin Dylan DeMelo 30 0 3 2
4 Rasmus Dahlin Neal Pionk 3 1 2 2
PowerPlay Forward
Center Left Wing Right Wing Time % Phy DF OF
1 Jack Hughes Valeri Nichushkin Frank Vatrano 50 1 2 2
2 Evgeni Malkin Brock Nelson Jonathan Marchessault 50 0 0 5
PowerPlay Defense
Defense Defense Time % Phy DF OF
1 Rasmus Dahlin Neal Pionk 50 0 2 3
2 Gustav Forsling Jonas Brodin 50 0 2 3
Penalty Kill 4 Players Forward
Center Wing Time % Phy DF OF
1 William Karlsson Lawson Crouse 50 0 5 0
2 Alexander Kerfoot Ryan Nugent-Hopkins 50 0 5 0
Penalty Kill 4 Players Defense
Defense Defense Time % Phy DF OF
1 Dylan DeMelo Neal Pionk 50 0 5 0
2 Gustav Forsling Jonas Brodin 50 0 5 0
Penalty Kill - 3 Players Forward
Forward Time % Phy DF OF
1 William Karlsson 50 0 5 0
2 Alexander Kerfoot 50 0 5 0
Penalty Kill - 3 Players Defense
Defense Defense Time % Phy DF OF
1 Erik Cernak Dylan DeMelo 50 1 2 2
2 Gustav Forsling Jonas Brodin 50 0 5 0
4 vs 4 Forward
Center Wing Time % Phy DF OF
1 Valeri Nichushkin William Karlsson 50 0 2 3
2 Evgeni Malkin Jack Hughes 50 1 2 2
4 vs 4 Defense
Defense Defense Time % Phy DF OF
1 Rasmus Dahlin Neal Pionk 50 0 3 2
2 Gustav Forsling Erik Cernak 50 0 3 2
Last Minutes Offensive
Center Left Wing Right Wing Defense Defense
William Karlsson Jack Hughes Frank Vatrano Rasmus Dahlin Neal Pionk
Last Minutes Defensive
Center Left Wing Right Wing Defense Defense
William Karlsson Lawson Crouse Alexander Kerfoot Erik Cernak Gustav Forsling
Goaltenders
Starting : Charlie Lindgren
Backup : Logan Thompson
Extra Forwards
Normal : Brock Nelson, Ryan Nugent-Hopkins, Alexander Kerfoot - PP : Brock Nelson, Ryan Nugent-Hopkins - PK : Alexander Kerfoot
Extra Defensemen
Normal : Jonas Brodin, Dylan DeMelo, Gustav Forsling - PP : Jonas Brodin - PK : Dylan DeMelo, Gustav Forsling
Penalty Shots
Valeri Nichushkin, William Karlsson, Evgeni Malkin, Jack Hughes, Brock Nelson
Scratches
Michael Rasmussen (Healthy), Cam York (Healthy), Matt Roy (Healthy)
Pittsburgh Penguins
5 vs 5 Forward
Center Left Wing Right Wing Time % Phy DF OF
1 Leon Draisaitl Pavel Buchnevich Sam Reinhart 30 1 2 2
2 Phillip Danault Blake Coleman Mitchell Marner 30 1 2 2
3 Jean-Gabriel Pageau Dylan Guenther Jordan Eberle 25 1 2 2
4 Gabriel Vilardi Jake Neighbours James van Riemsdyk 15 1 2 2
5 vs 5 Defense
Defense Defense Time % Phy DF OF
1 Mattias Ekholm Erik Karlsson 35 1 2 2
2 Erik Gudbranson Brock Faber 35 1 2 2
3 Mark Giordano Carson Soucy 30 1 2 2
4 Mattias Ekholm Erik Karlsson 0 1 2 2
PowerPlay Forward
Center Left Wing Right Wing Time % Phy DF OF
1 Leon Draisaitl Pavel Buchnevich Sam Reinhart 50 1 2 2
2 Phillip Danault Blake Coleman Mitchell Marner 50 1 2 2
PowerPlay Defense
Defense Defense Time % Phy DF OF
1 Mattias Ekholm Erik Karlsson 50 1 2 2
2 Erik Gudbranson Brock Faber 50 1 2 2
Penalty Kill 4 Players Forward
Center Wing Time % Phy DF OF
1 Leon Draisaitl Sam Reinhart 50 1 2 2
2 Mitchell Marner Pavel Buchnevich 50 1 2 2
Penalty Kill 4 Players Defense
Defense Defense Time % Phy DF OF
1 Mattias Ekholm Erik Karlsson 50 1 2 2
2 Erik Gudbranson Brock Faber 50 1 2 2
Penalty Kill - 3 Players Forward
Forward Time % Phy DF OF
1 Leon Draisaitl 50 1 2 2
2 Sam Reinhart 50 1 2 2
Penalty Kill - 3 Players Defense
Defense Defense Time % Phy DF OF
1 Mattias Ekholm Erik Karlsson 50 1 2 2
2 Erik Gudbranson Brock Faber 50 1 2 2
4 vs 4 Forward
Center Wing Time % Phy DF OF
1 Leon Draisaitl Sam Reinhart 50 1 2 2
2 Mitchell Marner Pavel Buchnevich 50 1 2 2
4 vs 4 Defense
Defense Defense Time % Phy DF OF
1 Mattias Ekholm Erik Karlsson 50 1 2 2
2 Erik Gudbranson Brock Faber 50 1 2 2
Last Minutes Offensive
Center Left Wing Right Wing Defense Defense
Leon Draisaitl Pavel Buchnevich Sam Reinhart Mattias Ekholm Erik Karlsson
Last Minutes Defensive
Center Left Wing Right Wing Defense Defense
Leon Draisaitl Pavel Buchnevich Sam Reinhart Mattias Ekholm Erik Karlsson
Goaltenders
Starting : Jordan Binnington
Backup : Marc-Andre Fleury
Extra Forwards
Normal : Jake Neighbours, Jordan Eberle, Jean-Gabriel Pageau - PP : Jake Neighbours, Jordan Eberle - PK : Jean-Gabriel Pageau
Extra Defensemen
Normal : Mark Giordano, Mattias Ekholm, Erik Gudbranson - PP : Mark Giordano - PK : Erik Karlsson, Erik Gudbranson
Penalty Shots
Leon Draisaitl, Sam Reinhart, Mitchell Marner, Pavel Buchnevich, Blake Coleman
Scratches
Adam Gaudette (Healthy), Brian Dumoulin (Healthy)
% Time on Ice - Minnesota North Stars
Lines # - Real PCT - Wanted PCT - Time Play
Normal Forward
1 - 28% - 30% - 14:22
2 - 30% - 30% - 15:04
3 - 22% - 25% - 10:55
4 - 20% - 15% - 10:21
Normal Defense
1 - 33% - 34% - 16:39
2 - 33% - 33% - 16:50
3 - 30% - 30% - 15:21
4 - 4% - 3% - 1:52
PP Forward
1 - 53% - 50% - 2:42
2 - 47% - 50% - 2:25
PP Defense
1 - 50% - 50% - 2:34
2 - 50% - 50% - 2:33
PK Forward
1 - 52% - 50% - 2:11
2 - 48% - 50% - 2:00
PK Defense
1 - 51% - 50% - 2:08
2 - 49% - 50% - 2:03
PK3 Forward
1 - 0% - 50%
2 - 0% - 50%
PK3 Defense
1 - 0% - 50%
2 - 0% - 50%
44 Forward
1 - 0% - 50%
2 - 0% - 50%
44 Defense
1 - 0% - 50%
2 - 0% - 50%
Last Minute Offensive - 0:00
Last Minute Defensive - 0:00
Total
Forward - 60:00
Defense - 60:00
|
% Time on Ice - Pittsburgh Penguins
Lines # - Real PCT - Wanted PCT - Time Play
Normal Forward
1 - 28% - 30% - 14:14
2 - 29% - 30% - 14:56
3 - 25% - 25% - 12:29
4 - 18% - 15% - 9:03
Normal Defense
1 - 35% - 35% - 17:31
2 - 35% - 35% - 17:37
3 - 29% - 30% - 14:48
4 - 2% - 0% - 0:46
PP Forward
1 - 49% - 50% - 2:04
2 - 51% - 50% - 2:07
PP Defense
1 - 54% - 50% - 2:15
2 - 46% - 50% - 1:56
PK Forward
1 - 50% - 50% - 2:35
2 - 50% - 50% - 2:32
PK Defense
1 - 45% - 50% - 2:17
2 - 55% - 50% - 2:50
PK3 Forward
1 - 0% - 50%
2 - 0% - 50%
PK3 Defense
1 - 0% - 50%
2 - 0% - 50%
44 Forward
1 - 0% - 50%
2 - 0% - 50%
44 Defense
1 - 0% - 50%
2 - 0% - 50%
Last Minute Offensive - 0:00
Last Minute Defensive - 0:00
Total
Forward - 60:00
Defense - 60:00
|
Play-by-Play
1st period
0:01 of 1st period - William Karlsson wins face-off versus Leon Draisaitl in neutral zone.
0:26 of 1st period - Blake Coleman is hit by Neal Pionk and loses puck.
0:55 of 1st period - Snap shot by Jack Hughes.
0:55 of 1st period - Stopped by Jordan Binnington with a rebound.
1:15 of 1st period - Backhand shot by Gabriel Vilardi.
1:15 of 1st period - Stopped by Charlie Lindgren with a rebound.
1:27 of 1st period - Gustav Forsling is hit by Sam Reinhart and loses puck.
1:34 of 1st period - Wrist shot by Pavel Buchnevich.
1:34 of 1st period - Deflect By Sam Reinhart.
1:34 of 1st period - Stopped by Charlie Lindgren with a rebound.
1:56 of 1st period - Erik Cernak is hit by Mattias Ekholm.
2:28 of 1st period - Erik Gudbranson is hit by Evan Rodrigues.
2:52 of 1st period - Wrist shot by Frank Vatrano.
2:52 of 1st period - Stopped by Jordan Binnington with a rebound.
3:22 of 1st period - Slapshot by Jack Hughes.
3:22 of 1st period - Shot Blocked by Brock Faber.
3:31 of 1st period - Off-side.
3:32 of 1st period - Jean-Gabriel Pageau wins face-off versus Evgeni Malkin in neutral zone.
4:06 of 1st period - Off-side.
4:07 of 1st period - Leon Draisaitl wins face-off versus Ryan Nugent-Hopkins in neutral zone.
4:22 of 1st period - Snap shot by Leon Draisaitl.
4:22 of 1st period - Stopped by Charlie Lindgren without a rebound.
4:23 of 1st period - Evgeni Malkin wins face-off versus Jean-Gabriel Pageau in Minnesota North Stars zone.
4:28 of 1st period - Snap shot by Dylan Guenther.
4:28 of 1st period - Stopped by Charlie Lindgren without a rebound.
4:29 of 1st period - Evgeni Malkin wins face-off versus Jean-Gabriel Pageau in Minnesota North Stars zone.
5:18 of 1st period - Wrist shot by Jonathan Marchessault.
5:18 of 1st period - Stopped by Jordan Binnington with a rebound.
5:20 of 1st period - Wrist shot by Evan Rodrigues.
5:20 of 1st period - Shot Misses the Net.
5:38 of 1st period - Jonas Brodin is hit by Erik Karlsson and loses puck.
5:59 of 1st period - Snap shot by Mitchell Marner.
5:59 of 1st period - Shot Misses the Net.
6:19 of 1st period - Icing by Ivan Barbashev.
6:20 of 1st period - Evan Rodrigues wins face-off versus Jean-Gabriel Pageau in Minnesota North Stars zone.
6:22 of 1st period - Icing by Ivan Barbashev.
6:23 of 1st period - Leon Draisaitl wins face-off versus Evan Rodrigues in Minnesota North Stars zone.
6:28 of 1st period - Wrist shot by Sam Reinhart.
6:28 of 1st period - Stopped by Charlie Lindgren without a rebound.
6:29 of 1st period - Leon Draisaitl wins face-off versus William Karlsson in Minnesota North Stars zone.
6:38 of 1st period - Wrist shot by Leon Draisaitl.
6:38 of 1st period - Shot Misses the Net.
6:40 of 1st period - Slapshot by Mark Giordano.
6:40 of 1st period - Shot Blocked by Valeri Nichushkin.
6:42 of 1st period - Snap shot by Leon Draisaitl.
6:42 of 1st period - Deflect By Frank Vatrano.
6:42 of 1st period - Shot Blocked by Gustav Forsling.
6:42 of 1st period - Puck is out of play.
6:43 of 1st period - Evgeni Malkin wins face-off versus Phillip Danault in Minnesota North Stars zone.
6:43 of 1st period - Evgeni Malkin is hit by Mitchell Marner.
7:41 of 1st period - Slapshot by Valeri Nichushkin.
7:41 of 1st period - Stopped by Jordan Binnington without a rebound.
7:42 of 1st period - Leon Draisaitl wins face-off versus Ryan Nugent-Hopkins in Pittsburgh Penguins zone.
8:57 of 1st period - Snap shot by Brock Nelson.
8:57 of 1st period - Shot Blocked by Jake Neighbours.
9:07 of 1st period - Sam Reinhart is hit by Alexander Kerfoot and loses puck.
9:28 of 1st period - William Karlsson is hit by Erik Gudbranson and loses puck.
9:48 of 1st period - Snap shot by Gabriel Vilardi.
9:48 of 1st period - Stopped by Charlie Lindgren without a rebound.
9:49 of 1st period - Evan Rodrigues wins face-off versus Gabriel Vilardi in Minnesota North Stars zone.
10:06 of 1st period - Snap shot by Ivan Barbashev.
10:06 of 1st period - Shot Misses the Net.
10:22 of 1st period - Backhand shot by Ivan Barbashev.
10:22 of 1st period - Shot Misses the Net.
10:26 of 1st period - Snap shot by Jonathan Marchessault.
10:26 of 1st period - Stopped by Jordan Binnington without a rebound.
10:27 of 1st period - Leon Draisaitl wins face-off versus Alexander Kerfoot in Pittsburgh Penguins zone.
10:36 of 1st period - Alexander Kerfoot is hit by Pavel Buchnevich.
11:26 of 1st period - Snap shot by Dylan Guenther.
11:26 of 1st period - Shot Misses the Net.
11:37 of 1st period - Icing by Jonathan Marchessault.
11:38 of 1st period - Leon Draisaitl wins face-off versus Evan Rodrigues in Minnesota North Stars zone.
11:41 of 1st period - Wrist shot by Leon Draisaitl.
11:41 of 1st period - Goal by Leon Draisaitl - Minnesota North Stars : 0 - Pittsburgh Penguins : 1.
11:42 of 1st period - Leon Draisaitl wins face-off versus Evgeni Malkin in neutral zone.
11:55 of 1st period - Off-side.
11:56 of 1st period - William Karlsson wins face-off versus Phillip Danault in neutral zone.
12:09 of 1st period - Wrist shot by William Karlsson.
12:09 of 1st period - Stopped by Jordan Binnington with a rebound.
12:11 of 1st period - Slapshot by Neal Pionk.
12:11 of 1st period - Shot Blocked by Mattias Ekholm.
12:13 of 1st period - Slapshot by Rasmus Dahlin.
12:13 of 1st period - Stopped by Jordan Binnington with a rebound.
12:23 of 1st period - Ryan Nugent-Hopkins is hit by Jordan Eberle and loses puck.
12:54 of 1st period - Snap shot by Dylan Guenther.
12:54 of 1st period - Stopped by Charlie Lindgren with a rebound.
12:56 of 1st period - Slapshot by Dylan Guenther.
12:56 of 1st period - Deflect By Jordan Eberle.
12:56 of 1st period - Stopped by Charlie Lindgren with a rebound.
12:58 of 1st period - Snap shot by Jordan Eberle.
12:58 of 1st period - Deflect By Dylan Guenther.
12:58 of 1st period - Stopped by Charlie Lindgren with a rebound.
13:08 of 1st period - Snap shot by Jean-Gabriel Pageau.
13:08 of 1st period - Stopped by Charlie Lindgren with a rebound.
13:10 of 1st period - Snap shot by Mattias Ekholm.
13:10 of 1st period - Shot Blocked by Gustav Forsling.
13:16 of 1st period - Snap shot by Dylan Guenther.
13:16 of 1st period - Shot Misses the Net.
13:28 of 1st period - Wrist shot by Jordan Eberle.
13:28 of 1st period - Shot Misses the Net.
13:50 of 1st period - Snap shot by Dylan Guenther.
13:50 of 1st period - Shot Blocked by Gustav Forsling.
13:52 of 1st period - Slapshot by Erik Karlsson.
13:52 of 1st period - Deflect By Jordan Eberle.
13:52 of 1st period - Shot Misses the Net.
13:52 of 1st period - Puck is out of play.
13:53 of 1st period - Evgeni Malkin wins face-off versus Leon Draisaitl in Minnesota North Stars zone.
13:53 of 1st period - Evgeni Malkin is hit by Leon Draisaitl.
15:54 of 1st period - Wrist shot by Evgeni Malkin.
15:54 of 1st period - Shot Blocked by Phillip Danault.
15:56 of 1st period - Wrist shot by Dylan DeMelo.
15:56 of 1st period - Deflect By Lawson Crouse.
15:56 of 1st period - Shot Misses the Net.
15:56 of 1st period - Puck is out of play.
15:57 of 1st period - Phillip Danault wins face-off versus Evgeni Malkin in Pittsburgh Penguins zone.
16:26 of 1st period - Snap shot by Ivan Barbashev.
16:26 of 1st period - Stopped by Jordan Binnington with a rebound.
16:38 of 1st period - Snap shot by Leon Draisaitl.
16:38 of 1st period - Stopped by Charlie Lindgren with a rebound.
16:40 of 1st period - Snap shot by Leon Draisaitl.
16:40 of 1st period - Shot Hit the Post.
16:42 of 1st period - Wrist shot by Leon Draisaitl.
16:42 of 1st period - Pittsburgh Penguins goal is going for a video replay.
16:42 of 1st period - The goal is refused. The puck has been kicked using a distinct kicking motion..
16:43 of 1st period - Phillip Danault wins face-off versus William Karlsson in Minnesota North Stars zone.
16:56 of 1st period - Backhand shot by Mitchell Marner.
16:56 of 1st period - Deflect By Phillip Danault.
16:56 of 1st period - Stopped by Charlie Lindgren without a rebound.
16:57 of 1st period - Mitchell Marner wins face-off versus Evgeni Malkin in Minnesota North Stars zone.
16:58 of 1st period - Snap shot by Phillip Danault.
16:58 of 1st period - Goal by Phillip Danault - Minnesota North Stars : 0 - Pittsburgh Penguins : 2.
16:59 of 1st period - Phillip Danault wins face-off versus William Karlsson in neutral zone.
17:04 of 1st period - Snap shot by Mitchell Marner.
17:04 of 1st period - Shot Misses the Net.
17:06 of 1st period - Slapshot by Blake Coleman.
17:06 of 1st period - Stopped by Charlie Lindgren without a rebound.
17:07 of 1st period - Phillip Danault wins face-off versus William Karlsson in Minnesota North Stars zone.
17:18 of 1st period - Wrist shot by Mitchell Marner.
17:18 of 1st period - Shot Misses the Net.
17:24 of 1st period - Wrist shot by Blake Coleman.
17:24 of 1st period - Stopped by Charlie Lindgren without a rebound.
17:25 of 1st period - Leon Draisaitl wins face-off versus Evgeni Malkin in Minnesota North Stars zone.
17:32 of 1st period - Wrist shot by Sam Reinhart.
17:32 of 1st period - Deflect By Pavel Buchnevich.
17:32 of 1st period - Stopped by Charlie Lindgren without a rebound.
17:33 of 1st period - Evgeni Malkin wins face-off versus Leon Draisaitl in Minnesota North Stars zone.
17:54 of 1st period - Brock Nelson is hit by Mark Giordano and loses puck.
18:10 of 1st period - Off-side.
18:11 of 1st period - Jean-Gabriel Pageau wins face-off versus Frank Vatrano in neutral zone.
18:24 of 1st period - Wrist shot by Valeri Nichushkin.
18:24 of 1st period - Shot Hit the Post.
18:26 of 1st period - Slapshot by Rasmus Dahlin.
18:26 of 1st period - Shot Blocked by Brock Faber.
18:44 of 1st period - Snap shot by Mitchell Marner.
18:44 of 1st period - Stopped by Charlie Lindgren with a rebound.
18:46 of 1st period - Wrist shot by Mitchell Marner.
18:46 of 1st period - Stopped by Charlie Lindgren with a rebound.
19:12 of 1st period - Snap shot by James van Riemsdyk.
19:12 of 1st period - Shot Misses the Net.
19:31 of 1st period - Minor Penalty to Evgeni Malkin for Tripping.
19:32 of 1st period - William Karlsson wins face-off versus Leon Draisaitl in Minnesota North Stars zone.
19:42 of 1st period - Snap shot by Pavel Buchnevich.
19:42 of 1st period - Deflect By Leon Draisaitl.
19:42 of 1st period - Stopped by Charlie Lindgren with a rebound.
19:44 of 1st period - Snap shot by Pavel Buchnevich.
19:44 of 1st period - Deflect By Sam Reinhart.
19:44 of 1st period - Goal by Sam Reinhart - Minnesota North Stars : 0 - Pittsburgh Penguins : 3.
19:45 of 1st period - Phillip Danault wins face-off versus William Karlsson in neutral zone.
Goals for this period are 0 for Minnesota North Stars vs 3 for Pittsburgh Penguins.
Shots for this period are 8 for Minnesota North Stars vs 22 for Pittsburgh Penguins.
2nd period
0:01 of 2nd period - Evgeni Malkin wins face-off versus Jean-Gabriel Pageau in neutral zone.
0:52 of 2nd period - Backhand shot by Alexander Kerfoot.
0:52 of 2nd period - Shot Misses the Net.
0:54 of 2nd period - Slapshot by Erik Cernak.
0:54 of 2nd period - Shot Misses the Net.
1:35 of 2nd period - Slapshot by Brock Nelson.
1:35 of 2nd period - Shot Blocked by Jordan Eberle.
1:37 of 2nd period - Wrist shot by Brock Nelson.
1:37 of 2nd period - Shot Blocked by Mark Giordano.
1:39 of 2nd period - Snap shot by Lawson Crouse.
1:39 of 2nd period - Stopped by Jordan Binnington with a rebound.
1:41 of 2nd period - Slapshot by Erik Cernak.
1:41 of 2nd period - Stopped by Jordan Binnington without a rebound.
1:42 of 2nd period - Phillip Danault wins face-off versus Frank Vatrano in Pittsburgh Penguins zone.
2:35 of 2nd period - Snap shot by Ryan Nugent-Hopkins.
2:35 of 2nd period - Deflect By Erik Karlsson.
2:35 of 2nd period - Shot Blocked by Jake Neighbours.
2:35 of 2nd period - Puck is out of play.
2:36 of 2nd period - Alexander Kerfoot wins face-off versus Gabriel Vilardi in Pittsburgh Penguins zone.
2:59 of 2nd period - Wrist shot by Jack Hughes.
2:59 of 2nd period - Stopped by Jordan Binnington without a rebound.
3:00 of 2nd period - William Karlsson wins face-off versus Leon Draisaitl in Pittsburgh Penguins zone.
5:19 of 2nd period - Off-side.
5:20 of 2nd period - Jean-Gabriel Pageau wins face-off versus Evan Rodrigues in neutral zone.
5:25 of 2nd period - Slapshot by Jordan Eberle.
5:25 of 2nd period - Shot Misses the Net.
5:33 of 2nd period - Wrist shot by Jonathan Marchessault.
5:33 of 2nd period - Stopped by Jordan Binnington with a rebound.
5:35 of 2nd period - Snap shot by Ivan Barbashev.
5:35 of 2nd period - Shot Misses the Net.
5:37 of 2nd period - Snap shot by Evan Rodrigues.
5:37 of 2nd period - Shot Blocked by Erik Karlsson.
5:39 of 2nd period - Snap shot by Jonathan Marchessault.
5:39 of 2nd period - Stopped by Jordan Binnington without a rebound.
5:40 of 2nd period - Phillip Danault wins face-off versus William Karlsson in Pittsburgh Penguins zone.
5:47 of 2nd period - Snap shot by Frank Vatrano.
5:47 of 2nd period - Stopped by Jordan Binnington with a rebound.
6:32 of 2nd period - Jack Hughes is hit by Jake Neighbours and loses puck.
6:39 of 2nd period - Mattias Ekholm is hit by Alexander Kerfoot.
6:51 of 2nd period - Wrist shot by Evan Rodrigues.
6:51 of 2nd period - Shot Blocked by Dylan Guenther.
6:53 of 2nd period - Snap shot by Jonathan Marchessault.
6:53 of 2nd period - Shot Misses the Net.
6:55 of 2nd period - Snap shot by Evan Rodrigues.
6:55 of 2nd period - Stopped by Jordan Binnington with a rebound.
7:19 of 2nd period - Snap shot by Phillip Danault.
7:19 of 2nd period - Shot Misses the Net.
7:21 of 2nd period - Wrist shot by Phillip Danault.
7:21 of 2nd period - Stopped by Charlie Lindgren without a rebound.
7:22 of 2nd period - Sam Reinhart wins face-off versus Evgeni Malkin in Minnesota North Stars zone.
7:25 of 2nd period - Wrist shot by Pavel Buchnevich.
7:25 of 2nd period - Shot Misses the Net.
7:27 of 2nd period - Slapshot by Erik Gudbranson.
7:27 of 2nd period - Stopped by Charlie Lindgren without a rebound.
7:28 of 2nd period - Leon Draisaitl wins face-off versus Evgeni Malkin in Minnesota North Stars zone.
7:29 of 2nd period - Snap shot by Pavel Buchnevich.
7:29 of 2nd period - Stopped by Charlie Lindgren without a rebound.
7:30 of 2nd period - Leon Draisaitl wins face-off versus Brock Nelson in Minnesota North Stars zone.
7:45 of 2nd period - Slapshot by Sam Reinhart.
7:45 of 2nd period - Stopped by Charlie Lindgren without a rebound.
7:46 of 2nd period - Phillip Danault wins face-off versus William Karlsson in Minnesota North Stars zone.
8:03 of 2nd period - Wrist shot by William Karlsson.
8:03 of 2nd period - Stopped by Jordan Binnington with a rebound.
8:40 of 2nd period - Leon Draisaitl is hit by Erik Cernak and loses puck.
8:59 of 2nd period - Snap shot by Jonathan Marchessault.
8:59 of 2nd period - Shot Misses the Net.
9:01 of 2nd period - Wrist shot by Ivan Barbashev.
9:01 of 2nd period - Shot Blocked by Brock Faber.
9:03 of 2nd period - Snap shot by Jonathan Marchessault.
9:03 of 2nd period - Shot Misses the Net.
9:25 of 2nd period - Wrist shot by Valeri Nichushkin.
9:25 of 2nd period - Shot Misses the Net.
10:52 of 2nd period - Snap shot by Jonathan Marchessault.
10:52 of 2nd period - Shot Misses the Net.
10:54 of 2nd period - Slapshot by Jonathan Marchessault.
10:54 of 2nd period - Shot Misses the Net.
11:04 of 2nd period - Wrist shot by Ivan Barbashev.
11:04 of 2nd period - Shot Misses the Net.
11:06 of 2nd period - Slapshot by Jonathan Marchessault.
11:06 of 2nd period - Stopped by Jordan Binnington without a rebound.
11:07 of 2nd period - Frank Vatrano wins face-off versus Sam Reinhart in Pittsburgh Penguins zone.
11:14 of 2nd period - Erik Karlsson is hit by Frank Vatrano and loses puck.
11:41 of 2nd period - Slapshot by Erik Karlsson.
11:41 of 2nd period - Shot Misses the Net.
11:43 of 2nd period - Snap shot by Jordan Eberle.
11:43 of 2nd period - Stopped by Charlie Lindgren without a rebound.
11:44 of 2nd period - Phillip Danault wins face-off versus William Karlsson in Minnesota North Stars zone.
12:19 of 2nd period - Snap shot by Brock Nelson.
12:19 of 2nd period - Shot Misses the Net.
12:29 of 2nd period - Minor Penalty to Erik Gudbranson for Roughing.
12:30 of 2nd period - Leon Draisaitl wins face-off versus Frank Vatrano in Pittsburgh Penguins zone.
12:43 of 2nd period - Snap shot by Leon Draisaitl.
12:43 of 2nd period - Stopped by Charlie Lindgren with a rebound.
13:16 of 2nd period - Neal Pionk is hit by Sam Reinhart.
14:29 of 2nd period - Penalty to Erik Gudbranson is over, Erik Gudbranson is back on ice.
14:39 of 2nd period - Slapshot by Ryan Nugent-Hopkins.
14:39 of 2nd period - Shot Blocked by Carson Soucy.
14:41 of 2nd period - Wrist shot by Evan Rodrigues.
14:41 of 2nd period - Shot Misses the Net.
14:55 of 2nd period - Ryan Nugent-Hopkins is hit by Mark Giordano and loses puck.
15:04 of 2nd period - Gabriel Vilardi is hit by Jonathan Marchessault and loses puck.
15:53 of 2nd period - Gustav Forsling is hit by Brock Faber and loses puck.
16:04 of 2nd period - Snap shot by Sam Reinhart.
16:04 of 2nd period - Shot Misses the Net.
16:06 of 2nd period - Slapshot by Brock Faber.
16:06 of 2nd period - Stopped by Charlie Lindgren with a rebound.
16:22 of 2nd period - Wrist shot by Evgeni Malkin.
16:22 of 2nd period - Stopped by Jordan Binnington with a rebound.
16:24 of 2nd period - Minor Penalty to Mark Giordano for Tripping.
16:25 of 2nd period - Leon Draisaitl wins face-off versus Jack Hughes in Pittsburgh Penguins zone.
16:42 of 2nd period - Wrist shot by Jack Hughes.
16:42 of 2nd period - Shot Misses the Net.
17:34 of 2nd period - Slapshot by Jonas Brodin.
17:34 of 2nd period - Deflect By Pavel Buchnevich.
17:34 of 2nd period - Stopped by Jordan Binnington with a rebound.
17:40 of 2nd period - Snap shot by Jonathan Marchessault.
17:40 of 2nd period - Goal by Jonathan Marchessault - Minnesota North Stars : 1 - Pittsburgh Penguins : 3.
17:41 of 2nd period - William Karlsson wins face-off versus Jean-Gabriel Pageau in neutral zone.
17:44 of 2nd period - Snap shot by Frank Vatrano.
17:44 of 2nd period - Stopped by Jordan Binnington without a rebound.
17:45 of 2nd period - Jean-Gabriel Pageau wins face-off versus William Karlsson in Pittsburgh Penguins zone.
18:09 of 2nd period - Off-side.
18:10 of 2nd period - Ryan Nugent-Hopkins wins face-off versus Sam Reinhart in neutral zone.
18:47 of 2nd period - Slapshot by Erik Karlsson.
18:47 of 2nd period - Deflect By Dylan Guenther.
18:47 of 2nd period - Shot Misses the Net.
18:47 of 2nd period - Puck is out of play.
18:48 of 2nd period - Leon Draisaitl wins face-off versus Evgeni Malkin in Minnesota North Stars zone.
18:51 of 2nd period - Wrist shot by Sam Reinhart.
18:51 of 2nd period - Shot Blocked by Neal Pionk.
Goals for this period are 1 for Minnesota North Stars vs 0 for Pittsburgh Penguins.
Shots for this period are 13 for Minnesota North Stars vs 7 for Pittsburgh Penguins.
3rd period
0:01 of 3rd period - William Karlsson wins face-off versus Pavel Buchnevich in neutral zone.
1:00 of 3rd period - Snap shot by Evgeni Malkin.
1:00 of 3rd period - Stopped by Jordan Binnington with a rebound.
1:02 of 3rd period - Snap shot by Lawson Crouse.
1:02 of 3rd period - Stopped by Jordan Binnington with a rebound.
1:39 of 3rd period - Icing by Dylan DeMelo.
1:40 of 3rd period - William Karlsson wins face-off versus Leon Draisaitl in Minnesota North Stars zone.
1:40 of 3rd period - William Karlsson is hit by Erik Karlsson.
1:58 of 3rd period - Slapshot by Valeri Nichushkin.
1:58 of 3rd period - Stopped by Jordan Binnington without a rebound.
1:59 of 3rd period - Evgeni Malkin wins face-off versus Phillip Danault in Pittsburgh Penguins zone.
2:38 of 3rd period - Minor Penalty to Gustav Forsling for Slashing.
2:39 of 3rd period - William Karlsson wins face-off versus Phillip Danault in Minnesota North Stars zone.
4:38 of 3rd period - Penalty to Gustav Forsling is over, Gustav Forsling is back on ice.
4:48 of 3rd period - Alexander Kerfoot is hit by Dylan Guenther.
4:49 of 3rd period - Icing by Alexander Kerfoot.
4:50 of 3rd period - Alexander Kerfoot wins face-off versus Jean-Gabriel Pageau in Minnesota North Stars zone.
5:10 of 3rd period - Wrist shot by Brock Nelson.
5:10 of 3rd period - Stopped by Jordan Binnington with a rebound.
5:22 of 3rd period - Snap shot by Jean-Gabriel Pageau.
5:22 of 3rd period - Deflect By Jordan Eberle.
5:22 of 3rd period - Stopped by Charlie Lindgren with a rebound.
5:24 of 3rd period - Slapshot by Dylan Guenther.
5:24 of 3rd period - Shot Misses the Net.
5:26 of 3rd period - Slapshot by Carson Soucy.
5:26 of 3rd period - Stopped by Charlie Lindgren with a rebound.
5:28 of 3rd period - Slapshot by Mark Giordano.
5:28 of 3rd period - Stopped by Charlie Lindgren with a rebound.
5:30 of 3rd period - Wrist shot by Jean-Gabriel Pageau.
5:30 of 3rd period - Shot Misses the Net.
5:32 of 3rd period - Wrist shot by Dylan Guenther.
5:32 of 3rd period - Stopped by Charlie Lindgren without a rebound.
5:33 of 3rd period - Leon Draisaitl wins face-off versus William Karlsson in Minnesota North Stars zone.
5:38 of 3rd period - Snap shot by Sam Reinhart.
5:38 of 3rd period - Stopped by Charlie Lindgren without a rebound.
5:39 of 3rd period - Leon Draisaitl wins face-off versus William Karlsson in Minnesota North Stars zone.
5:42 of 3rd period - Wrist shot by Pavel Buchnevich.
5:42 of 3rd period - Shot Misses the Net.
8:23 of 3rd period - Jonathan Marchessault is hit by Jake Neighbours and loses puck.
8:45 of 3rd period - Valeri Nichushkin is hit by Pavel Buchnevich and loses puck.
9:11 of 3rd period - Snap shot by Jack Hughes.
9:11 of 3rd period - Shot Misses the Net.
9:13 of 3rd period - Snap shot by Jack Hughes.
9:13 of 3rd period - Shot Misses the Net.
9:15 of 3rd period - Snap shot by Rasmus Dahlin.
9:15 of 3rd period - Shot Misses the Net.
9:46 of 3rd period - Icing by Evgeni Malkin.
9:47 of 3rd period - Evan Rodrigues wins face-off versus Gabriel Vilardi in Minnesota North Stars zone.
9:54 of 3rd period - Wrist shot by Jonathan Marchessault.
9:54 of 3rd period - Stopped by Jordan Binnington with a rebound.
9:56 of 3rd period - Slapshot by Rasmus Dahlin.
9:56 of 3rd period - Stopped by Jordan Binnington without a rebound.
9:57 of 3rd period - Leon Draisaitl wins face-off versus Jack Hughes in Pittsburgh Penguins zone.
10:52 of 3rd period - Snap shot by Evan Rodrigues.
10:52 of 3rd period - Deflect By Mitchell Marner.
10:52 of 3rd period - Shot Misses the Net.
10:52 of 3rd period - Puck is out of play.
10:53 of 3rd period - Evan Rodrigues wins face-off versus Leon Draisaitl in Pittsburgh Penguins zone.
10:54 of 3rd period - Slapshot by Jonathan Marchessault.
10:54 of 3rd period - Shot Blocked by Carson Soucy.
11:03 of 3rd period - Off-side.
11:04 of 3rd period - Ryan Nugent-Hopkins wins face-off versus Leon Draisaitl in neutral zone.
11:27 of 3rd period - Icing by Mark Giordano.
11:28 of 3rd period - William Karlsson wins face-off versus Leon Draisaitl in Pittsburgh Penguins zone.
11:29 of 3rd period - Wrist shot by Frank Vatrano.
11:29 of 3rd period - Stopped by Jordan Binnington with a rebound.
11:45 of 3rd period - Wrist shot by Sam Reinhart.
11:45 of 3rd period - Stopped by Charlie Lindgren without a rebound.
11:46 of 3rd period - Phillip Danault wins face-off versus Ryan Nugent-Hopkins in Minnesota North Stars zone.
12:09 of 3rd period - Minor Penalty to Rasmus Dahlin for Hooking.
12:10 of 3rd period - William Karlsson wins face-off versus Mitchell Marner in Minnesota North Stars zone.
12:14 of 3rd period - Off-side.
12:15 of 3rd period - William Karlsson wins face-off versus Phillip Danault in neutral zone.
12:27 of 3rd period - Neal Pionk is hit by Erik Karlsson and loses puck.
13:57 of 3rd period - Dylan DeMelo is hit by Mitchell Marner and loses puck.
14:09 of 3rd period - Penalty to Rasmus Dahlin is over, Rasmus Dahlin is back on ice.
14:48 of 3rd period - Wrist shot by James van Riemsdyk.
14:48 of 3rd period - Shot Misses the Net.
16:04 of 3rd period - Snap shot by William Karlsson.
16:04 of 3rd period - Shot Misses the Net.
16:06 of 3rd period - Snap shot by Frank Vatrano.
16:06 of 3rd period - Stopped by Jordan Binnington with a rebound.
16:14 of 3rd period - Erik Cernak is hit by Brock Faber and loses puck.
16:33 of 3rd period - Wrist shot by Brock Nelson.
16:33 of 3rd period - Shot Blocked by Erik Gudbranson.
16:35 of 3rd period - Backhand shot by Jonas Brodin.
16:35 of 3rd period - Stopped by Jordan Binnington without a rebound.
16:36 of 3rd period - Evgeni Malkin wins face-off versus Jean-Gabriel Pageau in Pittsburgh Penguins zone.
17:25 of 3rd period - Off-side.
17:26 of 3rd period - Leon Draisaitl wins face-off versus William Karlsson in neutral zone.
17:29 of 3rd period - Slapshot by Erik Karlsson.
17:29 of 3rd period - Stopped by Charlie Lindgren without a rebound.
17:30 of 3rd period - Leon Draisaitl wins face-off versus Frank Vatrano in Minnesota North Stars zone.
17:31 of 3rd period - Snap shot by Sam Reinhart.
17:31 of 3rd period - Shot Misses the Net.
18:07 of 3rd period - Minor Penalty to Phillip Danault for Roughing.
18:08 of 3rd period - Evgeni Malkin wins face-off versus Mitchell Marner in Pittsburgh Penguins zone.
18:23 of 3rd period - Mitchell Marner is hit by Evgeni Malkin and loses puck.
Goals for this period are 0 for Minnesota North Stars vs 0 for Pittsburgh Penguins.
Shots for this period are 9 for Minnesota North Stars vs 7 for Pittsburgh Penguins.
Back to the Top